 Dungeon Crawl Stone Soup version 0.23-a0-667-gc184e93 (console) character file.

6251 Voker57 the Carver (level 10, -4/120 HPs)
             Began as a Demonspawn Gladiator on Jan 8, 2019.
             Was an Elder of Okawaru.
             Slain by an unseen horror (9 damage)
             ... on level 8 of the Dungeon.
             The game lasted 00:19:24 (9553 turns).

Voker57 the Carver (Demonspawn Gladiator)           Turns: 9553, Time: 00:19:25

Health: -4/120     AC:  6    Str: 20      XL:     10   Next: 62%
Magic:  14/14      EV: 18    Int:  9      God:    Okawaru [****..]
Gold:   367        SH:  0    Dex: 19 (20) Spells: 9/9 levels left

rFire    + . .     SeeInvis .   a - +3 scimitar
rCold    . . .     Gourm    .   (no shield)
rNeg     . . .     Faith    .   E - +1 leather armour of Tulips {rF+ Regen+} (curse)
rPois    .         Spirit   .   (helmet restricted)
rElec    .         Reflect  .   u - +1 cloak
rCorr    .         Harm     .   (no gloves)
MR       +....                  (no boots)
Stlth    ..........             (no amulet)
HPRegen  0.70/turn              H - ring of protection from magic
MPRegen  0.14/turn              (no ring)

@: berserking, hasted, very quick
A: horns 1, thin skeletal structure 1, demonic guardian 2, nightstalker 1
a: Heroism, Renounce Religion


You were on level 8 of the Dungeon.
You worshipped Okawaru.
Okawaru was greatly pleased with you.
You were not hungry.

You visited 2 branches of the dungeon, and saw 9 of its levels.
You also visited: Bailey.

You collected 514 gold pieces.
You spent 147 gold pieces at shops.

Inventory:

Hand Weapons
 a - a +3 scimitar (weapon)
 B - a +2 halberd of venom
 I - a +2 hand axe of flaming
 O - the +4 war axe "Ithrex Wivi" {holy, rElec rPois SInv}
   (You found it on level 7 of the Dungeon)

   It has been blessed by the Shining One to cause great damage to the undead
   and demons.
   It insulates you from electricity.
   It protects you from poison.
   It lets you see invisible.
Missiles
 c - 18 javelins of returning (quivered)
 e - 13 curare-tipped needles
 k - 5 tomahawks of returning
Armour
 b - a +0 crystal plate armour
 n - a +3 leather armour
 u - a +1 cloak (worn)
 C - a +2 chain mail of poison resistance
 E - the cursed +1 leather armour of Tulips (worn) {rF+ Regen+}
   (You bought it in a shop on level 5 of the Dungeon)

   It protects you from fire.
   It increases your rate of regeneration.
   It has a curse placed upon it.
Jewellery
 p - an uncursed amulet of harm
 v - a +3 ring of intelligence
 H - a ring of protection from magic (left hand)
Wands
 d - a wand of acid (10)
 o - a wand of random effects (25)
 K - a wand of iceblast (9)
Scrolls
 h - a scroll of identify
 j - 2 scrolls of enchant armour
 m - a scroll of teleportation
 t - 2 scrolls of enchant weapon
 y - a scroll of remove curse
Potions
 g - 4 potions of curing
 i - 4 potions of flight
 l - 2 potions of resistance
 q - a potion of invisibility {unknown}
 r - a potion of brilliance {unknown}
 s - 4 potions of heal wounds {unknown}
 z - 2 potions of haste
 A - a potion of might {unknown}
 F - a potion of lignification {unknown}
 M - 2 potions of cancellation {unknown}
Comestibles
 f - 15 rations
 w - 2 chunks of flesh


   Skills:
 + Level 7.8 Fighting
 * Level 10.2 Long Blades
 - Level 1.7 Throwing
 + Level 2.2 Armour
 + Level 7.5 Dodging
 + Level 6.1 Invocations


You had 9 spell levels left.
You didn't know any spells.
Your spell library contained the following spells:

 Spells                   Type           Power        Failure   Level  Hunger
 Corona                   Hex            #......      43%         1    ##.....
 Magic Dart               Conj           #...         43%         1    ##.....
 Shock                    Conj/Air       #...         43%         1    ##.....
 Ensorcelled Hibernation  Hex/Ice        #.....       56%         2    ###....
 Searing Ray              Conj           #.....       56%         2    ###....
 Swiftness                Chrm/Air       #.......     56%         2    ###....
 Confuse                  Hex            #.......     80%         3    ####...
 Dazzling Spray           Conj/Hex       #.....       80%         3    ####...
 Static Discharge         Conj/Air       #.......     80%         3    ####...
 Tukima's Dance           Hex            #.......     80%         3    ####...
 Airstrike                Air            #.........   99%         4    #####..
 Force Lance              Conj/Tloc      #.......     99%         4    #####..
 Fulminant Prism          Conj/Hex       #.........   99%         4    #####..
 Iskenderun's Mystic Bla  Conj           #.......     99%         4    #####..
 Lightning Bolt           Conj/Air       #.........   100%        5    ######.


Dungeon Overview and Level Annotations

Branches:
Dungeon (8/15)             Temple (1/1) D:4
   Lair: D:8-11

Altars:
Ashenzari
Cheibriados
Dithmenos
Elyvilon
Fedhas
Gozag
Hepliaklqana
Kikubaaqudgha
Makhleb
Nemelex Xobeh
Okawaru
Ru
Sif Muna
Trog
Uskayaw
Vehumet
Wu Jian
Xom
Yredelemnul
Zin
The Shining One

Shops:
D:5 [*==

Annotations:
D:2 1 runed door
D:4 exclusion: orc warrior


Innate Abilities, Weirdness & Mutations

You have a pair of small horns on your head.
You have a somewhat thin skeletal structure. (Dex +2, Stealth)
A demonic guardian rushes to your aid.
You are slightly more attuned to the shadows.


Message History

* * * LOW HITPOINT WARNING * * *
You feel yourself speed up. Something hits you.
* * * LOW HITPOINT WARNING * * *
Something hits you.
* * * LOW HITPOINT WARNING * * *
You see here an arrow.
Something barely misses you. Something hits you.
* * * LOW HITPOINT WARNING * * *
A red film seems to cover your vision as you go berserk!
You feel yourself moving faster!
You feel mighty! Something hits you.
* * * LOW HITPOINT WARNING * * *
You feel a strong urge to attack something.
Something hits you.
* * * LOW HITPOINT WARNING * * *
Something hits you.
* * * LOW HITPOINT WARNING * * *
You hit something. You headbutt something!
Something hits you but does no You barely miss something.
Something hits you but does no damage.
Something You die...

...##.##
#...#.## $?
.$...# #......#
!). .(?..##.
###.#..# #.:
#......#
#....###
..##......
###....#
#......#
#....####..†..(#
#.##...# #))# #.
##..####)†# #.
##...@(÷)# #.
######†## #.#
#.# #....#
####.# #


There were no monsters in sight!

Vanquished Creatures
  An ugly thing (D:8)
  The ghost of RexLacerta the Poker, a novice DrBe of Trog (D:5)
  A gargoyle (D:8)
  Grinder (D:6)
  A hungry ghost (D:7)
  Edmund (D:6)
  11 orc warriors
  A phantom (D:5)
  3 sky beasts
  A black bear (D:6)
  A wolf (Bailey)
  2 ogres
  9 centaurs
  A bullfrog (D:7)
  A scorpion (D:7)
  8 wights
  A howler monkey (D:6)
  2 crimson imps
  A bullfrog zombie (D:6)
  A hound (D:4)
  3 bullfrog skeletons
  3 orc priests
  3 jellies
  An iguana (D:7)
  5 orc wizards
  4 worker ants
  A hound skeleton (D:4)
  A worker ant zombie (D:6)
  7 gnolls (D:6)
  A howler monkey skeleton (D:7)
  11 adders
  A shadow imp (D:2)
  An ooze (D:1)
  2 adder zombies
  An adder skeleton (D:7)
  A worm (D:3)
  3 dart slugs
  6 leopard geckos
  40 orcs
  A ball python (D:2)
  4 bats
  8 giant cockroaches
  6 hobgoblins
  10 jackals
  3 quokkas
  5 frilled lizards
  12 goblins
  9 kobolds
  A leopard gecko zombie (D:6)
  3 quokka skeletons (D:6)
  10 rats
216 creatures vanquished.

Vanquished Creatures (collateral kills)
  A hippogriff (D:7)
  A water moccasin (D:7)
  2 ice beasts
  An orc warrior (D:4)
  A sky beast (D:2)
  3 ogres
  A big kobold (D:5)
  A scorpion (D:8)
  A wight (D:5)
  A howler monkey (D:8)
  A crimson imp (D:8)
  A hound (D:8)
  A quasit (D:8)
  An orc wizard (D:4)
  A worker ant (D:8)
  An adder skeleton (D:6)
  A leopard gecko (D:8)
  5 orcs
  A jackal (D:4)
  4 kobolds (D:5)
30 creatures vanquished.

Vanquished Creatures (others)
  A vampire (D:8)
  3 fungi (D:5)
4 creatures vanquished.

Grand Total: 250 creatures vanquished

Notes
Turn   | Place    | Note
-------+----------+-------------------------------------------
     0 | D:1      | Voker57 the Demonspawn Gladiator began the quest for the
                  | Orb.
     0 | D:1      | Reached XP level 1. HP: 16/16 MP: 1/1
   174 | D:1      | Reached skill level 3 in Long Blades
   174 | D:1      | Gained mutation: You have a somewhat thin skeletal
                  | structure. (Dex +2, Stealth) [demonic ancestry]
   174 | D:1      | Reached XP level 2. HP: 16/22 MP: 2/2
   863 | D:1      | Gained mutation: A weak demonic guardian rushes to your
                  | aid. [demonic ancestry]
   863 | D:1      | Reached XP level 3. HP: 28/28 MP: 3/3
  1447 | D:2      | Found a runed door.
  1483 | D:2      | Noticed a sky beast
  1509 | D:2      | Killed a sky beast
  1509 | D:2      | Reached skill level 4 in Long Blades
  1509 | D:2      | Reached XP level 4. HP: 10/34 MP: 4/4
  2478 | D:3      | Gained mutation: You have a pair of small horns on your
                  | head. [demonic ancestry]
  2478 | D:3      | Reached XP level 5. HP: 40/41 MP: 5/5
  2719 | D:3      | Noticed an ice beast
  2726 | D:3      | Killed an ice beast
  2858 | D:3      | Reached XP level 6. HP: 47/47 MP: 6/6
  3312 | D:4      | Reached skill level 5 in Long Blades
  3376 | D:4      | Noticed an orc warrior
  4149 | D:4      | Killed an orc warrior
  4149 | D:4      | Reached XP level 7. HP: 18/54 MP: 7/7
  4625 | D:4      | Found a staircase to the Ecumenical Temple.
  4967 | Temple   | Entered the Ecumenical Temple
  5136 | Temple   | Became a worshipper of Warmaster Okawaru
  5165 | D:5      | Entered Level 5 of the Dungeon
  5165 | D:5      | Found Etzamoc's Jewellery Emporium.
  5321 | D:4      | Reached skill level 6 in Long Blades
  5399 | D:5      | Found Hisau's Jewellery Shop.
  5447 | D:5      | Found a sacrificial altar of Ru.
  5519 | D:5      | Found Wowaast's Antique Armour Shoppe.
  5544 | D:5      | Found Osibi's Assorted Antiques.
  5549 | D:5      | Reached * piety under Okawaru
  5570 | D:5      | Bought a spiked leather armour for 147 gold pieces
  5580 | D:5      | Identified the cursed +1 leather armour of Tulips {rF+
                  | Regen+} (You bought it in a shop on level 5 of the Dungeon)
  5642 | D:5      | Reached skill level 5 in Fighting
  5642 | D:5      | Reached skill level 5 in Dodging
  5642 | D:5      | Gained mutation: You are slightly more attuned to the
                  | shadows. [demonic ancestry]
  5642 | D:5      | Reached XP level 8. HP: 60/62 MP: 8/8
  5697 | D:5      | Found a runed gate.
  5697 | D:5      | Found a runed gate.
  5697 | D:5      | Found a runed gate.
  5698 | D:5      | Noticed RexLacerta's ghost (novice DrBe)
  5862 | D:5      | Reached skill level 7 in Long Blades
  6024 | D:5      | Killed RexLacerta's ghost
  6204 | D:6      | Reached ** piety under Okawaru
  6204 | D:6      | Reached skill level 8 in Long Blades
  6433 | D:6      | Reached XP level 9. HP: 69/69 MP: 9/9
  6504 | D:6      | Found a sparkling altar of Nemelex Xobeh.
  6552 | D:6      | Found a radiant altar of Vehumet.
  6555 | D:6      | Found a basalt altar of Yredelemnul.
  6558 | D:6      | Found an ancient bone altar of Kikubaaqudgha.
  6570 | D:6      | Noticed Edmund
  6583 | D:6      | Killed Edmund
  6583 | D:6      | Reached skill level 1 in Invocations
  7212 | D:6      | Noticed Grinder
  7225 | D:6      | Paralysed by Grinder for 6 turns
  7239 | D:6      | Killed Grinder
  7239 | D:6      | Reached *** piety under Okawaru
  7497 | D:7      | Reached skill level 9 in Long Blades
  7508 | D:7      | Got an ancient war axe
  7509 | D:7      | Identified the +4 war axe "Ithrex Wivi" {holy, rElec rPois
                  | SInv} (You found it on level 7 of the Dungeon)
  7916 | D:7      | Found a sparkling altar of Nemelex Xobeh.
  7967 | D:7      | Found a flagged portal.
  7983 | Bailey   | Entered a bailey
  8147 | Bailey   | Gained mutation: A demonic guardian rushes to your aid.
                  | [demonic ancestry]
  8147 | Bailey   | Reached XP level 10. HP: 48/79 MP: 10/13
  8261 | Bailey   | Reached **** piety under Okawaru
  8507 | Bailey   | Reached skill level 5 in Invocations
  8770 | Bailey   | Reached skill level 1 in Armour
  9387 | D:7      | Identified a scroll of acquirement
  9502 | D:8      | Reached skill level 10 in Long Blades
  9503 | D:8      | Noticed a purple ugly thing
  9511 | D:8      | Noticed a gargoyle
  9515 | D:8      | Killed a purple ugly thing
  9527 | D:8      | Killed a gargoyle
  9551 | D:8      | HP: 4/120 [something (6)]
  9553 | D:8      | Slain by an unseen horror

Vault maps used:
D:1:      wander_arrival_fairy_ring
D:2:      uniq_crazy_yiuf_cottage
D:4:      minmay_temple_entry_gardened_gates, minmay_statues_item
D:5:      nicolae_ru_great_annihilating_truth, gammafunk_ghost_nasty_kobolds,
          serial_shops, nicolae_shop_statue_plus, shop_statue, shop, shop,
          first_ration
D:6:      grunt_temple_overflow_diamond, basic_altar, uniq_grinder, uniq_edmund
D:7:      nemelex_altar_shiori, enter_bailey_3
D:8:      minmay_bloctagon, grunt_pizzeria
Temple:   eino_temple_rhombus
Bailey:   bailey_polearm_flooded_kennysheep, bailey

Skill      XL: |  1  2  3  4  5  6  7  8  9 10 |
---------------+-------------------------------+-----
Long Blades    | 3 4 5 6 8 9 10 | 10.2
Dodging        | 3 4 5 6 7 |  7.5
Fighting       | 3 4 5 6 7 |  7.8
Invocations    | 4 6 |  6.1
Armour         | 2 |  2.2
Throwing       | |  1.7

Action                   |  1- 3 |  4- 6 |  7- 9 | 10-12 || total
-------------------------+-------+-------+-------+-------++-------
Melee: Long sword        |    96 |   148 |   107 |       ||   351
       Headbutt          |       |    23 |   102 |    30 ||   155
       Scimitar          |       |       |   222 |    88 ||   310
       Punch             |       |       |     2 |       ||     2
       Halberd           |       |       |       |    37 ||    37
Throw: Throwing net      |       |     2 |     4 |     2 ||     8
       Tomahawk          |       |       |     4 |     1 ||     5
       Javelin           |       |       |       |     4 ||     4
Invok: Heroism           |       |       |     3 |     2 ||     5
Evoke: Wand              |       |       |     2 |     2 ||     4
  Use: Potion            |     1 |       |     5 |     3 ||     9
       Scroll            |     1 |     8 |     6 |     3 ||    18
 Stab: Sleeping          |     5 |     9 |     5 |     1 ||    20
       Held in net/web   |       |     2 |     1 |       ||     3
       Distracted        |       |       |     4 |     1 ||     5
       Paralysed         |       |       |     2 |       ||     2
  Eat: Chunk             |     2 |     9 |    13 |     6 ||    30
Armor: Leather armour    |    38 |    43 |    98 |    19 ||   198
Dodge: Dodged            |    68 |    92 |   316 |   151 ||   627
       Rpst.: Long sword |    21 |    34 |    35 |       ||    90
       Scimitar          |       |       |    54 |    21 ||    75

Table legend:
 A = Non-vault XP
 B = Vault XP
 C = Vault XP percentage of total XP
 D = Non-vault monster count
 E = Vault monster count
 F = Vault count percentage of total count
                 A         B        C        D         E       F
            +---------+---------+-------+---------+---------+-------
      Total |    4387 |    4544 |  50.9 |     174 |      73 |  29.6
            +---------+---------+-------+---------+---------+-------
        D:1 |      45 |       0 |   0.0 |      23 |       0 |   0.0
        D:2 |     148 |       0 |   0.0 |      19 |       0 |   0.0
        D:3 |     206 |       0 |   0.0 |      24 |       0 |   0.0
        D:4 |     612 |       0 |   0.0 |      24 |       0 |   0.0
        D:5 |     784 |     580 |  42.5 |      16 |      15 |  48.4
        D:6 |    1266 |     448 |  26.1 |      37 |       2 |   5.1
        D:7 |    1185 |       8 |   0.7 |      28 |       4 |  12.5
        D:8 |     141 |    1240 |  89.8 |       3 |      13 |  81.2
     Bailey |       0 |    2268 | 100.0 |       0 |      39 | 100.0
            +---------+---------+-------+---------+---------+-------
